 Dungeon Crawl Stone Soup version 0.24-a0-139-geb6712d (webtiles) character file.

Game seed: 8941475369557730356

53 Kurtz the Chopper (level 3, 3/29 HPs)
             Began as a Mummy Chaos Knight on Mar 3, 2019.
             Was a Plaything of Xom.
             Quit the game on level 4 of the Dungeon.
             The game lasted 00:00:46 (505 turns).

Kurtz the Chopper (Mummy Chaos Knight)               Turns: 505, Time: 00:00:47

Health: 3/29       AC:  6    Str: 20    XL:     3   Next: 64%
Magic:  3/3        EV: 11    Int: 11    God:    Xom [...*..]
Gold:   50         SH:  0    Dex: 12    Spells: 2/2 levels left

rFire    x . .     SeeInvis .   a - +0 hand axe (chaos)
rCold    + . .     Gourm    .   (no shield)
rNeg     + + +     Faith    .   b - +2 leather armour
rPois    ∞         Spirit   .   (no helmet)
rElec    .         Reflect  .   (no cloak)
rCorr    .         Harm     .   d - +0 pair of gloves
MR       .....                  (no boots)
Stlth    +.........             (no amulet)
HPRegen  0.09/turn              (no ring)
MPRegen  0.08/turn              (no ring)

@: mighty
A: no food or potions, fire vulnerability, cold resistance 1, negative energy
resistance 3, torment resistance, unbreathing
a: Renounce Religion


You were on level 4 of the Dungeon.
You worshipped Xom.
You were a favourite toy of Xom.
You were not hungry.

You visited 1 branch of the dungeon, and saw 4 of its levels.

You collected 50 gold pieces.

Inventory:

Hand Weapons
 a - a +0 hand axe of chaos (weapon)
Armour
 b - a +2 leather armour (worn)
 d - a +0 pair of gloves (worn)
Scrolls
 c - 3 scrolls of teleportation {unknown}
 e - a scroll of identify {unknown}
 f - a scroll of enchant armour {unknown}


   Skills:
 - Level 3.0 Fighting
 + Level 3.9 Axes
 - Level 1.5 Armour
 - Level 0.7 Dodging


You had 2 spell levels left.
You didn't know any spells.
Your spell library was empty.

Dungeon Overview and Level Annotations

Branches:
Dungeon (4/15)
 Temple: D:4-7

Altars:


Innate Abilities, Weirdness & Mutations

You do not eat or drink.
Your flesh is vulnerable to fire.
You are immune to poison.
Your flesh is cold resistant. (rC+)
You are immune to negative energy. (rN+++)
You are immune to unholy pain and torment.
You can survive without breathing.


Message History

Your hobgoblin zombie is destroyed!
The worm looks more healthy.
Xom almost notices you.
Your elbows feel numb with cold.
There is a stone staircase leading down here.
You start resting.
The worm is too close now for your liking.
You climb downwards.
You hear the sound of rushing water.
There is an entrance to a sewer on this level.
Hurry and find it before the portal rusts away!
A hound comes into view.
The hound barks!
You hear an angry hiss.
There is a stone staircase leading up here.
A hound is nearby!
A hound is nearby!
You are too injured to fight recklessly!
Xom grants you a minor favour.
You feel very mighty all of a sudden.
You are now a favourite toy of Xom.
Are you sure you want to abandon this character and quit the game? (Confirm with "yes".)

##.#.########.#
.....h.@<.....#
###..##########
#≈# #


You could see a hound.

Vanquished Creatures
  3 adders
  An ooze (D:2)
  A dart slug (D:3)
  A goblin (D:2)
  5 hobgoblins
  4 jackals (D:3)
  A ball python (D:2)
  A frilled lizard (D:2)
  A kobold (D:2)
  3 rats
21 creatures vanquished.

Notes
Turn   | Place    | Note
-------+----------+-------------------------------------------
     0 | D:1      | Kurtz the Mummy Chaos Knight began the quest for the Orb.
     0 | D:1      | Reached XP level 1. HP: 18/18 MP: 1/1
    16 | D:2      | Reached XP level 2. HP: 22/24 MP: 2/2
   203 | D:2      | Reached XP level 3. HP: 18/29 MP: 3/3
   349 | D:3      | XOM: divination: magic mapping
   477 | D:3      | HP: 1/29 [worm (5)]
   489 | D:3      | XOM: harmless Ice miscast
   504 | D:4      | XOM: potion effect (might)
   505 | D:4      | Quit the game

Levels and vault maps discovered:
D:1:      psy_arrival_spokes, layout_basic, cheibriados_altar_1
D:2:      layout_basic
D:3:      layout_loops_cross, minivault_19, uniq_crazy_yiuf_cottage,
          uniq_natasha
D:4:      cheibrodos_barr_body, layout_loops_ring, portal_sewer_entry_f,
          first_ration, feat_on_display, uniq_pikel, uniq_blork_the_orc

Skill      XL: |  1 |
---------------+----+-----
Axes           | 3 |  3.9
Fighting       | |  3.0
Armour         | |  1.5
Dodging        | |  0.7

Action                   || total
-------------------------++-------
Melee: Hand axe          ||    58
Armor: Leather armour    ||    16
Dodge: Dodged            ||    38

Table legend:
 A = Non-vault XP
 B = Vault XP
 C = Vault XP percentage of total XP
 D = Non-vault monster count
 E = Vault monster count
 F = Vault count percentage of total count
                 A         B        C        D         E       F
            +---------+---------+-------+---------+---------+-------
      Total |      77 |       0 |   0.0 |      21 |       0 |   0.0
            +---------+---------+-------+---------+---------+-------
        D:2 |      49 |       0 |   0.0 |      13 |       0 |   0.0
        D:3 |      28 |       0 |   0.0 |       8 |       0 |   0.0
            +---------+---------+-------+---------+---------+-------
